 Dungeon Crawl Stone Soup version 0.20.2-3-g29329e0561 (webtiles) character file.

46 Abzac the Shield-Bearer (level 3, -1/36 HPs)
             Began as a Troll Fighter on Dec 13, 2020.
             Slain by Menkaure (23 damage)
             ... on level 2 of the Dungeon.
             The game lasted 00:04:14 (660 turns).

Abzac the Shield-Bearer (Troll Fighter)              Turns: 660, Time: 00:04:15

Health: -1/36      AC:  5    Str: 25    XL:     3   Next: 44%
Magic:  2/2        EV:  8    Int:  4    God:
Gold:   64         SH:  9    Dex:  9    Spells: 2/2 levels left

rFire    . . .     SeeInvis .     - Unarmed
rCold    . . .     Gourm    +   b - +0 shield
rNeg     . . .     Faith    .   a - +0 robe
rPois    .         Spirit   .   (helmet restricted)
rElec    .         Reflect  .   (no cloak)
rCorr    .         Harm     .   (gloves unavailable)
MR       .....                  (boots unavailable)
Stlth    +.........             (no amulet)
Regen    0.6/turn               (no ring)
MPRegen  0.1/turn               (no ring)

@: no status effects
A: unfitting armour, claws 3, fast metabolism 3, gourmand, regeneration 1,
shaggy fur 1, tough skin 2
a: no special abilities


You were on level 2 of the Dungeon.
You were not hungry.

You visited 1 branch of the dungeon, and saw 2 of its levels.

You collected 64 gold pieces.

Inventory:

Hand Weapons
 n - the cursed +1 lajatang "Undertaker" {vamp, Int+4 Stlth+, unknown}
   (You found it on level 2 of the Dungeon)

   It inflicts no extra harm, but heals its wielder when it wounds a living foe.
   It affects your intelligence (+4).
   It makes you more stealthy.
   It has a curse placed upon it.
Missiles
 m - 14 bolts
Armour
 a - a +0 robe (worn)
 b - a +0 shield (worn)
 f - a +0 robe
Jewellery
 l - an uncursed ring of positive energy {unknown}
Scrolls
 e - 2 scrolls of remove curse {unknown}
 g - a scroll of fear {unknown}
 h - a scroll of teleportation {unknown}
 i - 2 scrolls of identify {unknown}
 k - a scroll of fog {unknown}
Potions
 c - a potion of might
 j - a potion of magic {unknown}
Comestibles
 d - a bread ration


   Skills:
 + Level 2.6 Fighting
 + Level 2.8 Dodging
 + Level 3.0 Shields
 + Level 2.2 Unarmed Combat


You had 2 spell levels left.
You didn't know any spells.

Dungeon Overview and Level Annotations

Branches:
Dungeon (2/15)

Altars:
Fedhas
Kikubaaqudgha
Yredelemnul

Annotations:
D:2 Menkaure


Innate Abilities, Weirdness & Mutations

You are too large for most types of armour.
You have claws for hands.
Your metabolism is lightning-fast.
You like to eat raw meat.
Your natural rate of healing is unusually fast.
You are covered in fur. (AC +1)
You have very tough skin. (AC +2)


Message History

No target in view!
There is a transporter here.
You enter the transporter and appear at another place.
Menkaure gestures wildly while chanting.
Menkaure seems to speed up.
You see here 14 bolts.
m - 14 bolts Menkaure points at you and mumbles some strange words.
Pain shoots through your body!
You see here 10 gold pieces.
You now have 64 gold pieces (gained 10).
The phantom hits you!
You see here a twisted lajatang.
n - a twisted lajatang Menkaure grins.
You block the phantom's attack.
Menkaure murmurs drily.
Menkaure hits you!!
Ouch! That really hurt!
You die...

.....#.[.........#.#.##.#
.....#...........#.#.##.#
.....#..##...##..#......########.
.....#..#8...8#..#............>..
####.#..##...##..#...............
#.#....!......#.#.##..####.###
#.#..##...##..#.#.##†..# #
#.#..#8...8#..#.#.##.#.## .#
####.#..##...##.@#.#.##.#..# .#
.....#.........M.#......##.# .#
.###.#©.._.⌠._.W.#......##.##.#
.....#############......##..#.#
...................[....###.#.#
......####...+######.##.......###
......# ##..........##.####.....
......# ##.##########.# #....#
.###### #.#### #####.####....#


You could see a phantom and Menkaure.

Vanquished Creatures
  3 adders (D:2)
  2 leopard geckos (D:2)
  A bat skeleton (D:2)
  3 goblins
  A hobgoblin (D:1)
  2 kobolds (D:1)
  2 bats
  4 rats
18 creatures vanquished.

Notes
Turn   | Place    | Note
-------+----------+-------------------------------------------
     0 | D:1      | Abzac the Troll Fighter began the quest for the Orb.
     0 | D:1      | Reached XP level 1. HP: 22/22 MP: 0/0
   252 | D:1      | Reached XP level 2. HP: 29/29 MP: 1/1
   265 | D:1      | You fall through a shaft!
   367 | D:2      | Noticed a phantom
   369 | D:2      | Found a basalt altar of Yredelemnul.
   371 | D:2      | Found a transporter.
   375 | D:2      | Noticed Menkaure
   392 | D:2      | Reached XP level 3. HP: 36/36 MP: 2/2
   396 | D:2      | Found an ancient bone altar of Kikubaaqudgha.
   399 | D:2      | Found a transporter.
   508 | D:2      | Found a blossoming altar of Fedhas.
   618 | D:2      | Reached skill level 3 in Shields
   658 | D:2      | Got a twisted lajatang
   660 | D:2      | Slain by Menkaure

Skill      XL: |  1  2  3 |
---------------+----------+-----
Shields        | 3 |  3.0
Fighting       | |  2.6
Dodging        | |  2.8
Unarmed Combat | |  2.2

Action                   || total
-------------------------++-------
Melee: Unarmed           ||    48
 Stab: Sleeping          ||     1
  Eat: Bread ration      ||     1
       Chunk             ||     1
Armor: Robe              ||    25
Dodge: Dodged            ||    24
Block: Shield            ||    37
